Map: Orbital Shipyard

Players

Hedo - Winner!

  • Race: Zerg Zerg
  • League: Platinum

PrimoPolanco

  • Race: Terran Terran
  • League: Platinum

VOD

Have the link to the VOD?

Description

Time

  • Played on: Dec. 15, 2015, 12:56 p.m.
  • Length: 13:28
Show
View Real Time Build Order
Export as new Build Order

Hedo Zerg - Winner!

Build Orders: Pool First 

Get SALT Encoding   

  12  0:00  Drone  
  13  0:07  Drone  
  14  0:15  Drone, Extractor  
  14  0:23  Overlord  
  14  0:31  Drone, Extractor  
  15  0:42  Drone  
  16  0:44  Drone  
  17  0:55  Spawning Pool  
  16  0:59  Drone  
  17  1:05  Drone  
  18  1:16  Drone  
  19  1:27  Drone  
  20  1:36  Hatchery  
  19  1:45  Roach Warren  
  18  1:54  Queen  
  20  2:01  Overlord  
  20  2:25  Roach x3  
  26  2:36  Overlord  
  26  2:44  Ravager  
  26  2:45  Ravager x2  
  26  2:49  Queen  
  31  2:59  Drone x2  
  31  3:00  Drone x2  
  35  3:06  Drone x2  
  35  3:07  Drone  
  35  3:12  Overlord  
  38  3:16  Drone  
  39  3:20  Drone  
  40  3:27  Drone  
  40  3:29  Metabolic Boost  
  41  3:47  Drone  
  41  3:48  Drone x4  
  46  4:03  Extractor  
  46  4:06  Drone x4  
  46  4:08  Drone x2  
  51  4:10  Extractor  
  51  4:13  Extractor  
  49  4:21  Drone x3  
  49  4:24  Hatchery  
  49  4:27  Lair  
  49  4:30  Drone x3  
  51  4:33  Drone  
  51  4:35  Overlord  
  46  4:53  Zergling x4  
  46  4:54  Zergling x4  
  46  4:57  Zergling x8  
  55  5:04  Spine Crawler  
  54  5:07  Spine Crawler  
  54  5:08  Overlord x2  
  54  5:09  Overlord  
  54  5:10  Spine Crawler  
  51  5:22  Zergling x2  
  49  5:36  Hatchery, Drone  
  49  5:37  Drone, Spire  
  49  5:42  Zergling x14  
  52  6:02  Zergling x8  
  56  6:10  Roach x3  
  62  6:21  Infestation Pit  
  62  6:22  Roach x3  
  67  6:27  Overlord x2  
  67  6:29  Evolution Chamber  
  67  6:31  Pneumatized Carapace  
  66  6:35  Drone  
  66  6:36  Drone  
  68  6:42  Overlord  
  68  6:44  Overlord  
  68  6:48  Queen  
  68  6:51  Mutalisk x7  
  68  6:54  Mutalisk  
  86  7:02  Zerg Ground Armor Level 1  
  86  7:05  Drone x3  
  89  7:17  Drone x4  
  89  7:18  Drone x3  
  96  7:24  Drone  
  96  7:25  Drone x2  
  99  7:30  Zergling x4  
  99  7:35  Glial Reconstitution  
  101  7:38  Hive  
  101  7:40  Drone x2  
  103  7:53  Zergling x6  
  106  8:11  Roach x2  
  106  8:12  Roach x3  
  104  8:18  Mutalisk x2  
  106  8:23  Overlord  
  106  8:24  Overlord  
  106  8:25  Overlord  
  106  8:26  Hatchery, Overlord  
  82  9:10  Zergling x12  
  82  9:11  Zergling x16  
  82  9:12  Zergling x14  
  82  9:13  Zergling x2  
  96  9:24  Zergling x6  
  96  9:25  Zergling x2  
  96  9:30  Extractor  
  99  9:32  Extractor  
  99  9:38  Drone x7  
  102  9:39  Drone, Queen  
  108  9:46  Adrenal Glands  
  108  9:56  Zerg Ground Armor Level 2  
  108  9:57  Ultralisk Cavern  
  109  10:00  Roach x7  
  109  10:01  Roach x3  
  109  10:03  Evolution Chamber, Hatchery  
  109  10:06  Drone  
  126  10:12  Drone x3  
  126  10:13  Drone x4  
  133  10:24  Zergling x4  
  135  10:28  Zerg Melee Weapons Level 1  
  135  10:35  Overlord x4  
  135  10:36  Overlord  
  133  11:03  Zergling x2  
  133  11:04  Zergling x16  
  118  11:05  Zergling x18  
  118  11:06  Zergling x2  
  118  11:09  Ravager x4  
  118  11:10  Ravager x7  
  131  11:14  Chitinous Plating  
  131  11:19  Queen  
  131  11:29  Zergling x14  
  131  11:30  Zergling x14  
  145  11:38  Extractor  
  144  11:40  Extractor  
  144  11:41  Drone x3  
  144  11:42  Drone x4  
  150  11:49  Ultralisk x4  
  178  11:54  Ultralisk  
  166  12:19  Zergling x12  
  166  12:20  Zergling x16  
  166  12:21  Zergling x4  
  173  12:28  Zergling x4  
  166  12:45  Zergling x2  
  166  12:46  Zergling x8  
  169  13:03  Overlord  
  169  13:04  Overlord x5  
Show
View Real Time Build Order
Export as new Build Order

PrimoPolanco Terran 

Build Orders: Reaper Expand, MMM Bio 

Get SALT Encoding   

  12  0:01  SCV  
  13  0:13  SCV  
  14  0:19  Supply Depot  
  14  0:25  SCV  
  15  0:29  Refinery  
  15  0:41  Barracks  
  15  0:45  SCV  
  16  1:00  SCV  
  17  1:12  SCV  
  18  1:24  SCV  
  19  1:29  Supply Depot, Reaper  
  20  1:37  Orbital Command  
  20  1:57  Command Center  
  20  2:04  SCV  
  20  2:06  Barracks Tech Lab  
  21  2:15  Barracks  
  21  2:17  SCV  
  22  2:31  Marauder  
  22  2:36  Barracks  
  24  2:42  Concussive Shells  
  24  2:52  SCV  
  24  2:53  Marauder  
  27  3:05  Barracks Tech Lab  
  26  3:07  Barracks  
  26  3:13  Factory  
  26  3:14  Refinery  
  26  3:15  Marauder  
  28  3:24  Marauder  
  28  3:25  Barracks Tech Lab  
  30  3:31  Refinery  
  30  3:32  Orbital Command  
  30  3:39  Marauder  
  32  3:45  Supply Depot  
  32  3:50  Marauder  
  32  3:55  Marauder  
  36  4:05  Supply Depot  
  36  4:07  Barracks Reactor  
  36  4:09  Marine  
  37  4:11  Factory Tech Lab  
  37  4:32  Barracks Tech Lab, Marauder x2  
  37  4:33  Barracks Reactor  
  41  5:05  Marauder x2  
  45  5:12  Supply Depot  
  45  5:13  Supply Depot  
  45  5:18  SCV  
  46  5:21  Marauder  
  46  5:25  Siege Tank  
  45  5:30  SCV  
  40  5:43  Marine x2  
  40  5:44  Marauder  
  40  5:45  Marauder  
  40  5:46  Marine  
  47  5:53  Starport  
  47  6:02  Siege Tank  
  44  6:16  SCV  
  44  6:17  Supply Depot  
  44  6:18  SCV  
  46  6:19  Supply Depot  
  46  6:20  Supply Depot  
  46  6:21  Stimpack  
  46  6:28  SCV  
  46  6:29  Combat Shields  
  46  6:30  SCV  
  48  6:39  Starport Reactor  
  48  6:40  SCV  
  48  6:42  SCV  
  48  6:45  Marine x4  
  48  6:46  Marine  
  55  6:56  SCV x2  
  55  6:58  Siege Tank  
  60  7:03  Marine x5  
  60  7:08  SCV x2  
  67  7:11  Supply Depot  
  67  7:20  SCV  
  68  7:33  Marine x3  
  68  7:34  Marauder x2  
  75  7:40  Medivac x2  
  75  7:41  Siege Tank  
  75  7:43  SCV x2  
  84  7:48  Supply Depot  
  84  7:51  Marine x2  
  82  7:52  Marauder  
  82  7:55  SCV, Marine  
  88  7:59  Engineering Bay  
  80  8:17  SCV x2  
  82  8:29  SCV x2  
  84  8:36  Marine x4  
  84  8:37  Marauder  
  90  8:41  SCV  
  90  8:42  SCV  
  86  8:52  Siege Tank  
  86  8:53  SCV  
  86  8:54  SCV, Marauder, Marine x2  
  86  9:06  SCV  
  66  9:19  Marine x3  
  66  9:20  Marauder x2  
  65  9:25  Medivac  
  65  9:28  Siege Tank  
  65  9:29  Medivac  
  72  9:31  SCV x2  
  72  9:36  Refinery  
  72  9:37  Marine x2  
  72  9:38  Marauder  
  78  9:41  Marauder, Marine  
  78  9:43  SCV, Engineering Bay  
  78  9:44  SCV  
  83  9:47  Terran Infantry Weapons Level 1  
  83  9:48  Armory  
  83  9:55  Missile Turret, Marine  
  83  9:57  Missile Turret  
  83  9:59  Marauder  
  86  10:16  Marine x3  
  86  10:17  Marauder  
  86  10:20  Marine  
  92  10:21  Medivac x2  
  96  10:34  Marine  
  96  10:35  Marauder  
  99  10:38  Marauder  
  101  10:46  Command Center  
  101  10:51  SCV  
  101  10:55  Terran Infantry Armor Level 1  
  102  11:00  Marine  
  102  11:01  Marauder  
  102  11:03  Marine x2  
  102  11:04  Marine  
  96  11:18  Marine  
  96  11:21  Marauder, Marine  
  96  11:22  Marauder, Marine  
  98  11:30  Widow Mine  
  100  11:36  Marine  
  100  11:39  Marine  
  102  11:49  Marauder x2, Marine  
  107  11:54  Marauder  
  107  11:57  Marine  
  110  12:02  Supply Depot  
  110  12:07  Marine  
  111  12:10  Supply Depot  
  111  12:11  Marauder  
  101  12:24  Widow Mine  
Tags
 
Add a new tag
Caveats
  • Supply blocks, unpowered buildings, or Contaminate may cause inaccurate times.
  • Supply counts are checked every 10 seconds.